 Dungeon Crawl Stone Soup version 0.28.0-53-g5a82cb258f (webtiles) character file.

Game seed: 6936959108354566385

9076 fuccboisucc420 the Basher (level 11, -2/112 HPs)
             Began as a Demonspawn Abyssal Knight on July 20, 2022.
             Was an Elder of Lugonu.
             Slain by a vampire (3 damage)
             ... on level 9 of the Dungeon.
             The game lasted 00:47:18 (8764 turns).

fuccboisucc420 the Basher (DsAK)                    Turns: 8764, Time: 00:47:19

Health: -2/112     AC: 25    Str: 17 (18) XL:     11   Next: 18%
Magic:  12/12      EV:  2    Int: 10 (12) God:    Lugonu [****..]
Gold:   607        SH:  0    Dex: 10 (13) Spells: 10/10 levels left

rFire   . . .      SeeInvis .   w - +1 flail (drain)
rCold   . . .      Faith    .   (no shield)
rNeg    . . .      Spirit   .   (armour currently unavailable)
rPois   +          Reflect  .   (helmet currently unavailable)
rElec   .          Harm     .   (cloak currently unavailable)
rCorr   .          Rampage  .   (gloves currently unavailable)
Will    .....      NoTele   +   (boots currently unavailable)
Stlth   ++........              h - amulet of regeneration
HPRegen 1.08/turn               p - +4 ring of evasion
MPRegen 0.13/turn               v - +4 ring of slaying

@: brilliant, tree-form
A: stationary, stasis, torment immunity, boosted hp, (horns 1), (slimy green
scales 2), foul stench 2, (spiny 2)
a: Renounce Religion, Depart the Abyss, Bend Space, Banish, Corrupt


You were on level 9 of the Dungeon.
You worshipped Lugonu.
Lugonu was greatly pleased with you.
You were a tree.
You visited 1 branch of the dungeon, and saw 9 of its levels.
You visited the Abyss 1 time.

You collected 1449 gold pieces.
You spent 842 gold pieces at shops.

Inventory:

Hand Weapons
 a - a +2 mace
 o - a +2 dagger of freezing
 q - a +4 quarterstaff of chaos
 w - a +1 flail of draining (weapon)
 y - a +1 dagger of venom
 F - a +1 vampiric dagger
 G - a +1 whip of electrocution
 O - a +5 mace
 R - a +2 vorpal flail
Missiles
 i - 230 stones (quivered)
 K - a throwing net
Armour
 j - a +0 pair of gloves (melded)
 r - a +2 cloak of poison resistance (melded)
 J - a +0 plate armour (melded)
 S - a +0 helmet
Jewellery
 h - an amulet of regeneration (around neck)
 k - a ring of positive energy
 p - a +4 ring of evasion (left branch)
 v - a +4 ring of slaying (right branch)
 I - a ring of poison resistance
Wands
 f - a wand of flame (5)
 s - a wand of iceblast (12)
 A - a wand of charming (11)
 D - a wand of mindburst (33)
Scrolls
 g - a scroll of silence {unknown}
 l - a scroll of fear
 u - a scroll of teleportation {unknown}
 x - a scroll of amnesia {unknown}
 H - a scroll of magic mapping {unknown}
 M - 5 scrolls of identify
 N - a scroll of noise {unknown}
 Q - a scroll of fog {unknown}
Potions
 b - a potion of attraction
 c - 2 potions of resistance
 d - a potion of haste
 e - a potion of flight
 m - 5 potions of curing
 t - a potion of brilliance
 z - 2 potions of degeneration
 B - 3 potions of heal wounds {unknown}
 C - a potion of cancellation {unknown}
 E - 2 potions of mutation {unknown}
 L - a potion of might
 P - a potion of lignification


   Skills:
 - Level 3.0 Fighting
 + Level 11.7 Maces & Flails
 + Level 4.0 Throwing
 + Level 8.0 Armour
 + Level 5.8 Dodging
 + Level 2.8 Stealth
 - Level 2.4 Invocations
 + Level 1.5 Evocations


You had 10 spell levels left.
You didn't know any spells.
Your spell library contained the following spells:

 Spells                   Type           Power      Damage    Failure   Level
 Apportation              Tloc           0%         N/A       36%         1
 Gell's Gravitas          Tloc           0%         N/A       75%         3
 Lesser Beckoning         Tloc           0%         N/A       75%         3
 Teleport Other           Tloc           0%         N/A       75%         3
 Leda's Liquefaction      Hex/Erth       0%         N/A       98%         4
 Alistair's Intoxication  Tmut/Pois      0%         N/A       100%        5
 Lee's Rapid Deconstruct  Erth           0%         3d5*      100%        5
 Statue Form              Tmut/Erth      0%         N/A       100%        6


Dungeon Overview and Level Annotations

Branches:
Dungeon (9/15)             Temple (0/1) D:5            Lair (0/6) D:9
    Orc: D:9-12

Altars:
Nemelex Xobeh

Shops:
D:1 *   D:2 ?   D:5 ==*(   D:9 (

Annotations:
D:6 1 runed translucent door, LustLizard's ghost, novice MiBe


Innate Abilities, Weirdness & Mutations

You are a tree.
Your roots penetrate the ground, keeping you stationary.
You cannot be teleported.
You are immune to unholy pain and torment.
Your maximum health is greatly increased.
Your equipment is partially melded.
((You have a pair of small horns on your head.))
((You are mostly covered in slimy green scales. (AC +3)))
You sometimes emit foul miasma when damaged in melee.
((You are mostly covered in sharp spines.))


Message History

Something hits you but does no damage. Something bites you but does no damage.
It was a potion of lignification.
You turn into a tree.
Your +2 cloak of poison resistance melds into your body.
Your +0 pair of gloves melds into your body.
Your +0 plate armour melds into your body.
You no longer feel resistant to poison.
Your roots penetrate the ground.
Something hits you!
* * * LOW HITPOINT WARNING * * *
You emit a cloud of foul miasma!
Something bites you but does no damage.
You cannot move.
You cannot move.
You cannot move.
You cannot move.
You cannot move.
You cannot move.
You cannot move.
You cannot move.
You cannot move.
You cannot move.
You cannot move.
You cannot move.
You cannot move.
You cannot move.
You cannot move.
You cannot move.
You cannot move.
Unknown command.
Unknown command.
It was a potion of brilliance.
You feel clever all of a sudden. Something hits you but does no damage.
Something bites you but does no damage.
It was a potion of degeneration.
There was something very wrong with that liquid.
You feel weakened.
You feel dopey.
You feel clumsy.
A vampire appears from thin air!
Reactivating autopickup.
The vampire hits you!
* * * LOW HITPOINT WARNING * * *
The vampire bites you.
You die...

....##......................
.#..#...............<[......
..).(##.....................
##).##...........##.........
#....[....#.......#)........
##.......###..#'#...........
.......#......'∩+...........
......###....##'#.........#.
................♣V...#....#
.#.........#..#.....## ...
.##.......##.......## ..
..#......##........... #
........................ .
................###...
...............## ..
.........# . .##.......


You could see a vampire.

Vanquished Creatures
  Harold (D:8)
  Erolcha (D:9)
  Erica (D:9)
  2 two-headed ogres
  Pikel (D:5)
  Joseph (D:7)
  A hornet (D:4)
  A wraith (D:8)
  A steam dragon (D:7)
  5 yaks (D:7)
  Grum (D:9)
  Edmund (D:3)
  An acid dragon (D:8)
  2 water moccasins
  Duvessa (D:5)
  An ice beast (D:6)
  An orc warrior (D:8)
  A black bear (D:5)
  2 necrophages (D:6)
  4 wolves (D:8)
  6 ogres
  2 centaurs
  4 lemures (D:5)
  A phantom (D:5)
  A water moccasin zombie (D:4)
  A wyvern zombie (D:7)
  4 scorpions
  Dowan (D:5)
  A water moccasin skeleton (D:7)
  8 wights
  3 howler monkeys (D:9)
  A bullfrog zombie (D:6)
  3 centaur zombies
  A jelly (D:5)
  A centaur skeleton (D:6)
  An orc priest (D:5)
  Crazy Yiuf (D:2)
  5 hounds
  Jessica (D:2)
  A bullfrog skeleton (D:6)
  3 gnoll shamans
  An iguana (D:7)
  Ijyb (D:5)
  An orc wizard (D:8)
  A scorpion zombie (D:4)
  2 killer bee zombies
  A hound zombie (D:4)
  2 howler monkey zombies (D:9)
  15 gnolls
  11 adders
  A howler monkey skeleton (D:6)
  A shadow imp (D:7)
  A white imp (D:5)
  2 adder skeletons (D:4)
  2 worms
  5 dart slugs
  8 orcs
  6 ball pythons
  3 endoplasms (D:3)
  3 giant cockroaches
  4 goblins
  5 hobgoblins
  5 kobolds
  3 quokkas
  5 bats
  3 frilled lizards
  4 rats
176 creatures vanquished.

Vanquished Creatures (collateral kills)
  A quokka (D:3)
1 creature vanquished.

Grand Total: 177 creatures vanquished

Notes
Turn   | Place    | Note
-------+----------+-------------------------------------------
     0 | Abyss:1  | fuccboisucc420 the Demonspawn Abyssal Knight began the
                  | quest for the Orb.
     0 | Abyss:1  | Reached XP level 1. HP: 18/18 MP: 2/2
     0 | D:1      | Escaped the Abyss
   297 | D:1      | Reached * piety under Lugonu
   298 | D:1      | Reached skill level 1 in Dodging
   306 | D:1      | Found Yho Mi Doiff's Assorted Antiques.
   331 | D:1      | Bought an encrusted brass wand for 60 gold pieces
   461 | D:1      | Gained mutation: You are partially covered in sharp spines.
                  | [demonic ancestry]
   461 | D:1      | Reached XP level 2. HP: 24/24 MP: 3/3
   583 | D:1      | Reached skill level 2 in Maces & Flails
  1061 | D:2      | Found Ivvabaer's Magic Scroll Boutique.
  1066 | D:2      | Bought a scroll of identify for 28 gold pieces
  1066 | D:2      | Bought a scroll of identify for 28 gold pieces
  1089 | D:2      | Noticed Jessica
  1104 | D:2      | Killed Jessica
  1105 | D:2      | Gained mutation: You may rarely emit foul miasma when
                  | damaged in melee. [demonic ancestry]
  1105 | D:2      | Reached XP level 3. HP: 4/29 MP: 4/4
  1513 | D:2      | Found a runed translucent door.
  1514 | D:2      | Noticed Crazy Yiuf
  1527 | D:2      | Killed Crazy Yiuf
  1528 | D:2      | Reached XP level 4. HP: 6/35 MP: 5/5
  2400 | D:3      | Reached skill level 3 in Maces & Flails
  3312 | D:4      | Gained mutation: You are partially covered in slimy green
                  | scales. (AC +2) [demonic ancestry]
  3312 | D:4      | Reached XP level 5. HP: 41/41 MP: 6/6
  3317 | D:4      | Noticed Edmund
  3349 | D:4      | Noticed an ogre
  3354 | D:4      | Killed an ogre
  3355 | D:4      | Reached skill level 1 in Throwing
  3624 | D:3      | Killed Edmund
  3625 | D:3      | Reached XP level 6. HP: 43/47 MP: 7/7
  3657 | D:4      | Reached ** piety under Lugonu
  3667 | D:4      | Reached skill level 4 in Maces & Flails
  3735 | D:5      | Entered Level 5 of the Dungeon
  3755 | D:4      | Noticed a hornet
  3763 | D:4      | Killed a hornet
  3764 | D:4      | Reached skill level 1 in Stealth
  3764 | D:4      | Gained mutation: You are mostly covered in sharp spines.
                  | [demonic ancestry]
  3764 | D:4      | Reached XP level 7. HP: 42/52 MP: 8/8
  3771 | D:5      | Noticed Pikel
  3919 | D:4      | Reached skill level 5 in Maces & Flails
  4283 | D:5      | Reached skill level 5 in Armour
  4328 | D:5      | Found a staircase to the Ecumenical Temple.
  4372 | D:5      | Found Ipteehod's Antique Weapon Boutique.
  4380 | D:5      | Found Niheis's General Store.
  4380 | D:5      | Found Ukuf's Jewellery Emporium.
  4380 | D:5      | Noticed Duvessa
  4381 | D:5      | Noticed Dowan
  4382 | D:5      | Found Cetiluc's Jewellery Shoppe.
  4420 | D:5      | Gained mutation: You are mostly covered in slimy green
                  | scales. (AC +3) [demonic ancestry]
  4420 | D:5      | Reached XP level 8. HP: 55/58 MP: 9/9
  4469 | D:5      | Killed Dowan
  4595 | D:5      | Found a sparkling altar of Nemelex Xobeh.
  4683 | D:5      | Reached skill level 6 in Maces & Flails
  4855 | D:5      | Killed Duvessa
  5091 | D:5      | Identified a scroll of acquirement
  5095 | D:5      | Acquired 864 gold pieces
  5127 | D:5      | Bought an amulet of regeneration for 330 gold pieces
  5127 | D:5      | Bought a +4 ring of evasion for 396 gold pieces
  5340 | D:5      | Killed Pikel
  5340 | D:5      | Noticed Ijyb
  5347 | D:5      | Killed Ijyb
  5403 | D:5      | Reached skill level 7 in Maces & Flails
  5403 | D:5      | Reached skill level 1 in Evocations
  5403 | D:5      | Gained mutation: You sometimes emit foul miasma when
                  | damaged in melee. [demonic ancestry]
  5403 | D:5      | Reached XP level 9. HP: 63/63 MP: 10/10
  5935 | D:6      | Found a runed translucent door.
  5935 | D:6      | Noticed LustLizard's ghost (novice MiBe)
  6021 | D:6      | Noticed a two-headed ogre
  6034 | D:6      | Killed a two-headed ogre
  6035 | D:6      | Reached skill level 8 in Maces & Flails
  6182 | D:6      | Reached *** piety under Lugonu
  6699 | D:7      | Reached skill level 9 in Maces & Flails
  6907 | D:7      | Found a sand-covered staircase.
  6970 | D:7      | Reached XP level 10. HP: 60/68 MP: 11/11
  6989 | D:7      | Reached skill level 5 in Dodging
  7152 | D:9      | Reached skill level 10 in Maces & Flails
  7166 | D:8      | HP: 2/68 [acid dragon/splash of acid (11)]
  7436 | D:7      | Noticed Joseph
  7449 | D:7      | Killed Joseph
  8068 | D:8      | Noticed Harold
  8084 | D:8      | Killed Harold
  8259 | D:9      | Found a staircase to the Lair.
  8271 | D:9      | Noticed Grum
  8278 | D:9      | Noticed a two-headed ogre
  8281 | D:8      | Reached **** piety under Lugonu
  8283 | D:9      | Noticed Erica
  8289 | D:8      | Killed a two-headed ogre
  8290 | D:8      | Reached skill level 11 in Maces & Flails
  8479 | D:9      | Gained mutation: You have a pair of small horns on your
                  | head. [demonic ancestry]
  8479 | D:9      | Reached XP level 11. HP: 75/75 MP: 12/12
  8483 | D:9      | Noticed Erolcha
  8500 | D:9      | Killed Erolcha
  8596 | D:9      | Killed Erica
  8708 | D:9      | Killed Grum
  8730 | D:9      | Found Vustri Quneo's Weapon Shoppe.
  8764 | D:9      | HP: 1/112 [vampire (10)]
  8764 | D:9      | Slain by a vampire

Illustrated notes

Levels and vault maps discovered:
D:1:      saegor_arrival_under_anarchy, layout_basic, serial_shops, shop_coins,
          serial_bayou_pond_c
D:2:      layout_basic, serial_shops, nicolae_shop_hallway_plus,
          minmay_hedge_maze, minmay_misc_feat_cross, uniq_jessica,
          uniq_crazy_yiuf_cottage
D:3:      layout_basic, portal_sewer_entry_d, kennysheep_donut
D:4:      layout_cave_pools, serial_undead, serial_undead_d, serial_undead_f,
          serial_undead_f, serial_undead_b, uniq_edmund
D:5:      layout_basic, mainiacjoe_overflow_paths, temple_statues,
          minmay_crystal_room, nicolae_wooded_promenade, uniq_ijyb,
          uniq_duvessa, uniq_pikel
D:6:      layout_cave_pools, gammafunk_ghost_grave, minmay_chambers_of_fives
D:7:      layout_rooms, nicolae_ossuary_entry_false_entrances,
          kennysheep_potato, uniq_joseph
D:8:      layout_gridville, uniq_harold
D:9:      layout_cave_pools, lair_entry_dummy, serial_shops,
          nicolae_shop_behind_doors, uniq_grum, uniq_erica, uniq_erolcha

Skill      XL: |  1  2  3  4  5  6  7  8  9 10 11 |
---------------+----------------------------------+-----
Armour         | 2 3 4 5 6 7 8 |  8.0
Dodging        | 1 2 3 4 5 |  5.8
Maces & Flails | 2 3 4 5 7 9 11 | 11.7
Throwing       | 1 2 3 4 |  4.0
Stealth        | 1 2 |  2.8
Evocations     | 1 |  1.5
Fighting       | |  3.0
Invocations    | |  2.4

Action                   |  1- 3 |  4- 6 |  7- 9 | 10-12 || total
-------------------------+-------+-------+-------+-------++-------
Melee: Mace              |    46 |    51 |       |       ||    97
       Punch             |     1 |       |     5 |     4 ||    10
       Flail             |       |    25 |   203 |   142 ||   370
       Headbutt          |       |       |       |     7 ||     7
Throw: Stone             |     9 |    23 |    50 |    27 ||   109
Invok: Depart the Abyss  |     1 |       |       |       ||     1
Evoke: Wand              |       |     1 |     3 |     2 ||     6
  Use: Scroll            |     5 |     4 |     5 |     4 ||    18
       Potion            |       |       |       |     5 ||     5
Armor: Leather armour    |     2 |       |       |       ||     2
       Ring mail         |    11 |    38 |    78 |    25 ||   152
       Plate armour      |       |       |       |    97 ||    97
       Skin              |       |       |       |     3 ||     3
Dodge: Dodged            |    21 |    53 |   142 |    93 ||   309
